 Dungeon Crawl Stone Soup version 0.16.2-12-gd0ad4c3 (webtiles) character file.

116 yevrey the Magician (level 4, -1/24 HPs)
             Began as a Deep Elf Wizard on Oct 10, 2015.
             Slain by Sigmund
             ... wielding a +0 scythe
              (4 damage)
             ... on level 2 of the Dungeon.
             The game lasted 00:13:44 (2540 turns).

yevrey the Magician (Deep Elf Wizard)               Turns: 2540, Time: 00:13:44

Health: -1/24      AC:  2    Str:  4    XL:     4   Next: 69%
Magic:  6/17       EV: 13    Int: 23    God:
Gold:   75         SH:  0    Dex: 14    Spells: 5 memorised, 5 levels left

rFire  . . .     SeeInvis .     (no weapon)
rCold  . . .     Clarity  .     a - +0 robe
rNeg   . . .     SustAb   .     (no shield)
rPois  .         Gourm    .     b - +0 hat
rElec  .         Spirit   .     (no cloak)
rCorr  .         Warding  .     (no gloves)
rMut   .         Stasis   .     (no boots)
MR     .....                    (no amulet)
Stlth  ++........               (no ring)
                                (no ring)

@: very slightly contaminated, repel missiles, not resistant to hostile
enchantments, unstealthy
A: no striking features
a: no special abilities


You were on level 2 of the Dungeon.
You were not hungry.

You visited 1 branch of the dungeon, and saw 2 of its levels.

You collected 75 gold pieces.

Inventory:

Hand weapons
 j - a +0 short sword
 k - a +0 short sword
Missiles
 f - 27 sling bullets
Armour
 a - a +0 robe (worn)
 b - a +0 hat (worn)
Jewellery
 g - an uncursed ring of flight {unknown}
 h - an uncursed amulet of rage {unknown}
 i - an uncursed ring of teleport control {unknown}
Scrolls
 m - a scroll of teleportation {unknown}
 n - 4 scrolls of remove curse {unknown}
 q - a scroll of fog {unknown}
Potions
 e - a potion of resistance
Books
 c - a book of Minor Magic

   Spells                             Type                      Level
   a - Magic Dart                     Conjuration                  1
   b - Blink                          Translocation                2
   c - Call Imp                       Summoning                    2
   d - Repel Missiles                 Charms/Air                   2
   e - Slow                           Hexes                        2
   f - Conjure Flame                  Conjuration/Fire             3
   g - Mephitic Cloud                 Conjuration/Poison/Air       3
Comestibles
 d - 2 bread rations


   Skills:
 + Level 2.8 Dodging
 * Level 3.1 Stealth
 + Level 5.5 Spellcasting
 + Level 3.1 Conjurations
 + Level 1.0 Hexes
 + Level 1.3 Summonings
 + Level 1.1 Translocations
 + Level 0.4 Air Magic


You had 5 spell levels left.
You knew the following spells:

 Your Spells              Type           Power        Failure   Level  Hunger
a - Magic Dart            Conj           ###.         2%          1    None
b - Blink                 Tloc           N/A          12%         2    None
c - Call Imp              Summ           ##......     10%         2    None
d - Repel Missiles        Chrm/Air       #.....       14%         2    None
e - Slow                  Hex            ##......     12%         2    None


Dungeon Overview and Level Annotations

Branches:
Dungeon (2/15)

Altars:
Dithmenos
Fedhas

Annotations:
D:2 Sigmund


Message History

Press: ? - help, Shift-Dir - straight line, f/p - goblin
Aim: a goblin, wielding a club (severely wounded)
The magic dart hits the goblin.
You kill the goblin!
You start resting.
Sigmund screams, "You will never...
NEVER!!!"
Sigmund mumbles some strange words.
Sigmund flickers and vanishes!
You are confused.
You bump into the rock wall.
You bump into the rock wall.
You bump into the rock wall.
Something hits you.
* * * LOW HITPOINT WARNING * * *
You feel less confused.
Casting: Magic Dart
Confirm with . or Enter, or press ? or * to list all spells.
You miscast Blink.
You are very lightly contaminated with residual magic.
You spin around.
Something hits you.
You die...

#.##.# #.....#
#.##.#._.#.## #.##.#
#.....# #.##.......#
....># #######
#..##.....## #.####
##########.##...## #.#
#.......###{##### #.#
#.#####.# #.#
#.########.#####.###.#
#................{...#
##########.#####@#####
#.#####.# #......<#
#########


There were no monsters in sight!

Vanquished Creatures
  4 adders (D:2)
  A worm (D:1)
  A giant gecko (D:1)
  An ooze (D:2)
  3 goblins (D:2)
  3 hobgoblins
  6 bats
  6 giant cockroaches
  5 kobolds
  14 rats
44 creatures vanquished.

Vanquished Creatures (collateral kills)
  An adder (D:2)
  2 worms (D:2)
  A goblin (D:2)
  26 rats (D:2)
30 creatures vanquished.

Vanquished Creatures (others)
  A crimson imp (D:2)
  A white imp (D:2)
2 creatures vanquished.

Grand Total: 76 creatures vanquished

Notes
Turn   | Place    | Note
--------------------------------------------------------------
     0 | D:1      | yevrey, the Deep Elf Wizard, began the quest for the Orb.
     0 | D:1      | Reached XP level 1. HP: 10/10 MP: 6/6
   483 | D:1      | Reached XP level 2. HP: 15/15 MP: 2/10
   487 | D:1      | Learned a level 2 spell: Blink
   490 | D:1      | Learned a level 2 spell: Call Imp
   493 | D:1      | Learned a level 2 spell: Repel Missiles
   496 | D:1      | Learned a level 2 spell: Slow
  1233 | D:2      | Reached XP level 3. HP: 19/19 MP: 6/13
  1428 | D:2      | Reached skill level 5 in Spellcasting
  1699 | D:2      | Found a shadowy altar of Dithmenos.
  1717 | D:2      | Reached XP level 4. HP: 24/24 MP: 8/17
  1785 | D:2      | Found a blossoming altar of Fedhas.
  2106 | D:2      | Reached skill level 1 in Hexes
  2341 | D:2      | Noticed Sigmund
  2540 | D:2      | Slain by Sigmund

Action                   |  1- 3 |  4- 6 || total
-------------------------+-------+-------++-------
Melee: Unarmed           |       |     2 ||     2
 Cast: Magic Dart        |    78 |    26 ||   104
       Slow              |     9 |     5 ||    14
       Repel Missiles    |     1 |     1 ||     2
       Call Imp          |       |    21 ||    21
       Blink             |       |     2 ||     2
  Use: Potion            |       |     2 ||     2
  Eat: Chunk             |     2 |     2 ||     4
       Pizza             |       |     1 ||     1
